 Dungeon Crawl Stone Soup version 0.13-a0-2884-gbbf8bdf (console) character file.

1341 5ubbak the Ducker (level 8, -4/40 HPs)
             Began as a Spriggan Abyssal Knight on Aug 29, 2013.
             Was a High Priest of Lugonu.
             Killed by divine providence
             ... invoked by an orc priest
              (16 damage)
             ... on Level 5 of the Dungeon.
             The game lasted 00:34:35 (7893 turns).

5ubbak the Ducker (Spriggan Abyssal Knight)         Turns: 7893, Time: 00:34:36

HP  -4/40        AC 10     Str 10      XL: 8   Next:  2%
MP  18/19        EV 21     Int 14      God: Lugonu [*****.]
Gold 324         SH  0     Dex 15      Spells:  0 memorised,  7 levels left

Res.Fire  : . . .   See Invis. : +   a - +1,+2 short sword (protect)
Res.Cold  : . . .   Warding    : .   n - +0 robe
Life Prot.: . . .   Conserve   : .   (shield restricted)
Res.Poison: +       Res.Corr.  : .   (helmet restricted)
Res.Elec. : .       Clarity    : .   C - +0 elf cloak
Sust.Abil.: . .     Spirit.Shd : .   (gloves unavailable)
Res.Mut.  : .       Stasis     : .   (boots unavailable)
Res.Rott. : .       Flight     : .   (no amulet)
Saprovore : . . .                    H - ring of poison resistance
                                     d - +2 ring of protection

@: very quick, somewhat resistant to hostile enchantments, very stealthy
A: unfitting armour, see invisible, herbivore 3, speed 3, slow metabolism 2
a: Depart the Abyss, Bend Space, Banish, Corrupt, Enter the Abyss, Renounce
Religion


You were on level 5 of the Dungeon.
You worshipped Lugonu.
Lugonu was exalted by your worship.
You were not hungry.

You visited 1 branch of the dungeon, and saw 5 of its levels.
You visited the Abyss 1 time.
You also visited: Sewer.

You collected 304 gold pieces.

Inventory:

Hand weapons
 a - a +1,+2 short sword of protection (weapon)
 b - a +0,+0 sling
 e - a +2,+2 short sword
 p - a +0,+0 elven short sword
 B - a +1,+1 dagger of protection
 E - a +0,+0 sabre
 G - a +1 elven blowgun
Missiles
 i - 39 poisoned needles
 l - 36 sling bullets
 m - 54 stones (quivered)
 y - 14 curare-tipped needles
Armour
 n - a +0 robe (worn)
 C - a +0 elven cloak (worn)
Magical devices
 k - a wand of lightning (7)
 I - a wand of random effects (14)
Comestibles
 f - 5 bread rations
 g - 5 apples
Scrolls
 h - a scroll of teleportation {unknown}
 j - 5 scrolls of identify
 q - 2 scrolls of curse jewellery {unknown}
 s - 2 scrolls of recharging {unknown}
 t - 2 scrolls of remove curse {unknown}
 v - a scroll of enchant armour {unknown}
 x - 2 scrolls of magic mapping {unknown}
Jewellery
 d - a +2 ring of protection (left hand)
 D - an uncursed ring of teleport control
 H - a ring of poison resistance (right hand)
Potions
 c - 2 potions of flight {unknown}
 o - a potion of cure mutation {unknown}
 r - 2 potions of curing
 u - a potion of brilliance {unknown}
 w - a potion of restore abilities {unknown}
 z - a potion of speed {unknown}
 A - a potion of resistance {unknown}
 F - a potion of poison {unknown}
 J - a potion of mutation {unknown}
 K - a potion of agility {unknown}


   Skills:
 + Level 3.9 Fighting
 + Level 4.6 Short Blades
 + Level 3.6 Slings
 + Level 2.4 Throwing
 + Level 6.7 Dodging
 + Level 6.1 Stealth
 + Level 3.7 Invocations


You had 7 spell levels left.
You didn't know any spells.

Dungeon Overview and Level Annotations

Branches:
Dungeon (5/27)             Temple (0/1) D:4

Altars:
Cheibriados
Okawaru
Sif Muna
Xom

Shops:
D:5 %


Innate Abilities, Weirdness & Mutations

You are tiny and cannot use many weapons and most armour.
You have supernaturally acute eyesight.
You are a herbivore.
You cover ground extremely quickly.
You need consume almost no food.


Message History

You hit the orc priest but do no damage.
The orc priest misses you.
You hit the orc priest.
The orc priest is lightly wounded.
The goblin unwields an uncursed orcish dagger.
The goblin wields a sling.
The goblin shoots a stone.
The stone misses you.
The orc priest mumbles some strange prayers to Beogh against you.
Something smites you!
Use which ability? (? or * to list) Space bends around you!
You blink.
You feel slightly more hungry.
Use which ability? (? or * to list) Space bends around you!
You blink.
You feel slightly more hungry.
The orc priest invokes the aid of Beogh against you.
Something smites you!
* * * LOW HITPOINT WARNING * * *
Drink which item? (? for menu, Esc to quit)
You feel better.
It was a potion of curing.
The orc priest calls down the wrath of Beogh upon you.
Something smites you!
You die...

###.)................#
##.[([...(.(...o......#
.)(####)####..........#
.#.##.....##).........#
.#.#.......#..........#
.#.#.......#..........#
)......_....((........#
...#.......#..........#
...#.......#(((.@.....#
...##.(().##..........#
...####(####(.b<......#
##............#########
#######......# ########


You could see an orc priest.

Vanquished Creatures
  The ghost of Bahl the Chopper, an average MiBe of Trog (D:3)
  2 centaurs (D:5)
  2 ogres
  A crocodile (Sewer)
  A crimson imp (D:5)
  A hound (D:5)
  An orc priest (D:4)
  An iguana (D:4)
  3 orc wizards
  A worker ant (D:4)
  Ijyb (D:4)
  9 adders
  2 worms
  3 grey rats (D:3)
  2 giant eyeballs
  A giant gecko (D:1)
  2 oozes
  14 orcs
  2 bat skeletons
  8 giant cockroaches
  7 goblins
  14 hobgoblins
  3 quokkas
  2 ball pythons
  12 bats
  8 giant newts
  A hobgoblin zombie (D:5)
  11 jackals
  15 kobolds
  17 rats
  A butterfly (D:5)
149 creatures vanquished.

Notes
Turn   | Place    | Note
--------------------------------------------------------------
     0 | Abyss:1  | 5ubbak, the Spriggan Abyssal Knight, began the quest for the Orb.
     0 | Abyss:1  | Reached XP level 1. HP: 11/11 MP: 2/2
    33 | D:1      | Escaped the Abyss
   262 | D:1      | Reached skill level 4 in Dodging
   292 | D:1      | Reached skill level 1 in Stealth
   476 | D:1      | Reached XP level 2. HP: 6/15 MP: 4/4
  1115 | D:1      | Acquired Lugonu's second power
  1158 | D:1      | Reached XP level 3. HP: 18/18 MP: 6/6
  1159 | D:1      | +Str
  2074 | D:2      | Acquired Lugonu's third power
  2089 | D:2      | Reached XP level 4. HP: 23/23 MP: 9/9
  2928 | D:3      | Noticed Bahl's ghost (average MiBe)
  3011 | D:3      | Acquired Lugonu's fourth power
  3040 | D:3      | Found a glowing drain.
  3071 | Sewer    | Entered a sewer
  3079 | Sewer    | Reached skill level 1 in Slings
  3130 | Sewer    | Noticed a crocodile
  3246 | Sewer    | Killed a crocodile
  3246 | Sewer    | Reached skill level 5 in Dodging
  3246 | Sewer    | Reached XP level 5. HP: 27/27 MP: 12/12
  4350 | D:3      | Killed Bahl's ghost
  4350 | D:3      | Reached XP level 6. HP: 17/32 MP: 14/14
  4896 | D:3      | Found an iron altar of Okawaru.
  5613 | D:4      | Reached skill level 6 in Dodging
  6094 | D:4      | Acquired Lugonu's fifth power
  6094 | D:4      | Reached XP level 7. HP: 21/35 MP: 17/17
  6205 | D:4      | Found a staircase to the Ecumenical Temple.
  6206 | D:4      | Noticed Ijyb
  6228 | D:4      | Killed Ijyb
  6228 | D:4      | Reached skill level 5 in Stealth
  6639 | D:5      | Entered Level 5 of the Dungeon
  6738 | D:5      | Found a shimmering altar of Xom.
  6960 | D:5      | Reached skill level 1 in Throwing
  7087 | D:5      | Found a snail-covered altar of Cheibriados.
  7161 | D:5      | Found Engoy's Food Shoppe.
  7589 | D:5      | Found a deep blue altar of Sif Muna.
  7869 | D:5      | Reached XP level 8. HP: 30/40 MP: 19/19
  7887 | D:5      | HP: 1/40 [orc priest/divine providence (15)]
  7893 | D:5      | Killed from afar by an orc priest

Action                   |  1- 3 |  4- 6 |  7- 9 || total
-------------------------+-------+-------+-------++-------
Melee: Short sword       |    65 |   114 |   157 ||   336
       Dagger            |   186 |   253 |    15 ||   454
 Fire: Sling             |       |   165 |       ||   165
       Blowgun           |       |     9 |    17 ||    26
Throw: Stone             |       |     2 |     5 ||     7
Invok: Bend Space        |       |       |     3 ||     3
Evoke: Wand              |       |       |     1 ||     1
  Use: Potion            |       |     2 |     2 ||     4
       Scroll            |       |     2 |       ||     2
 Stab: Sleeping          |     9 |    10 |     7 ||    26
